 Dungeon Crawl Stone Soup version 0.30.0-29-ga12c61a403 (webtiles) character file.

Game seed: 5159625763961785354

253 Graphine the Trooper (level 5, -6/40 (42) HPs)
             Began as a Demonspawn Monk on June 21, 2023.
             Mangled by Crazy Yiuf
             ... wielding a +4 quarterstaff of chaos
              (8 damage)
             ... on level 3 of the Dungeon.
             The game lasted 00:02:58 (1330 turns).

Graphine the Trooper (Demonspawn Monk)              Turns: 1330, Time: 00:02:58

HP:   -6/40 (42)    AC:  7    Str: 12    XL:     5   Next: 90%
MP:   7/7           EV: 13    Int: 11    God:
Gold: 164           SH:  4    Dex: 17    Spells: 4/4 levels left

rFire   . . .        a - +0 falchion (elec)
rCold   . . .        d - orb {light}
rNeg    . . .        b - +1 robe
rPois   .            (helmet restricted)
rElec   .            (no cloak)
rCorr   .            q - +0 pair of gloves
SInv    .            o - +2 pair of boots
Will    .....        (no amulet)
Stlth   +            (no ring)
HPRegen 0.26/turn    (no ring)
MPRegen 0.10/turn

%: no passive effects
@: glowing, lightly drained
A: antennae 1, powered by death 1, condensation shield
a: no special abilities


You were on level 3 of the Dungeon.
You visited 1 branch of the dungeon, and saw 3 of its levels.

You collected 164 gold pieces.

Inventory:

Hand Weapons
 a - a +0 falchion of electrocution (weapon)
Missiles
 p - a throwing net (quivered)
Armour
 b - a +1 robe (worn)
 d - an orb of light (worn)
 o - a +2 pair of boots (worn)
 q - a +0 pair of gloves (worn)
Scrolls
 e - 2 scrolls of blinking
 k - a scroll of teleportation {unknown}
 n - a scroll of summoning
 r - a scroll of silence {unknown}
Potions
 c - a potion of ambrosia
 f - a potion of resistance
 g - a potion of cancellation {unknown}
 h - a potion of heal wounds {unknown}
 i - a potion of haste {unknown}
 j - a potion of curing
 l - 2 potions of might {unknown}
 m - a potion of brilliance {unknown}
 s - a potion of lignification {unknown}


   Skills:
 + Level 4.2 Fighting
 + Level 3.8 Long Blades
 + Level 3.8 Dodging
 + Level 3.3 Invocations


You had 4 spell levels left.
You didn't know any spells.
Your spell library contained the following spells:

 Spells                   Type           Power      Damage    Failure   Level
 Slow                     Hex            0%         N/A       34%         1
 Confusing Touch          Hex            0%         N/A       71%         3
 Vampiric Draining        Necr           0%         2d6       71%         3


Dungeon Overview and Level Annotations

Branches:
Dungeon (3/15)

Altars:

Shops:
D:3 (=

Annotations:
D:3 Crazy Yiuf


Innate Abilities, Weirdness & Mutations

You have a pair of small antennae on your head.
You regenerate a little health from kills.
A meltable shield of frost defends you. (SH +4)


Message History

You kill the dart slug!
No target in view!
There is an entrance to Ofawnol's Jewellery Emporium here.
Found an escape hatch in the floor.
r - a scroll labelled ITEING MUETOL
s - a red potion
Found two hammers.
Found a hammer.
You see here a +0 hammer.
Found seven hammers.
Found a runed translucent door.
You see here a +0 hammer.
Found a hammer.
Crazy Yiuf shouts!
You see here a +0 hammer.
You see here a +0 hammer.
Found three hammers.
You see here a +0 hammer.
You open the door. You hit Crazy Yiuf.
Crazy Yiuf is lightly wounded.
Crazy Yiuf hits you with a +4 quarterstaff of chaos.
You convulse!
You hit Crazy Yiuf but do no damage.
Crazy Yiuf is lightly wounded.
Crazy Yiuf closely misses you.
You slash Crazy Yiuf!
Crazy Yiuf is heavily wounded.
Crazy Yiuf hits you with a +4 quarterstaff of chaos!
You feel drained.
You hit Crazy Yiuf.
Crazy Yiuf is severely wounded.
Crazy Yiuf hits you with a +4 quarterstaff of chaos!
* * * LOW HITPOINT WARNING * * *
Crazy Yiuf freezes you.
* * * LOW HITPOINT WARNING * * *
Okay, then.
You completely miss Crazy Yiuf.
Crazy Yiuf is severely wounded.
Crazy Yiuf hits you with a +4 quarterstaff of chaos!
You die...

#.............#
#.......>.....#
#.............#
##########....#
#....#
♣♣♣♣♣##....# ###
♣♣♣)♣).....###
#)))#♣))♣)......#
#.))g@♣♣♣♣......#
#)))#♣♣ ♣♣....##
### ♣♣####


You could see Crazy Yiuf.

Vanquished Creatures
  Grinder (D:3)
  An adder (D:3)
  A worm (D:3)
  2 dart slugs
  2 orcs (D:3)
  3 ball pythons
  2 endoplasms
  2 giant cockroaches
  A goblin (D:1)
  2 hobgoblins
  5 kobolds
  2 quokkas
  A bat (D:3)
  5 frilled lizards
  4 rats
34 creatures vanquished.

Notes
Turn   | Place    | Note
-------+----------+-------------------------------------------
     0 | D:1      | Graphine the Demonspawn Monk began the quest for the Orb.
     0 | D:1      | Reached XP level 1. HP: 18/18 MP: 1/1
   380 | D:1      | Gained mutation: You regenerate a little health from kills.
                  | [demonic ancestry]
   380 | D:1      | Reached XP level 2. HP: 19/24 MP: 2/2
  1024 | D:3      | Reached skill level 1 in Invocations
  1024 | D:3      | Reached XP level 3. HP: 19/29 MP: 3/3
  1111 | D:3      | Noticed Grinder
  1119 | D:3      | Paralysed by Grinder for 5 turns
  1125 | D:3      | Killed Grinder
  1126 | D:3      | Reached skill level 4 in Fighting
  1126 | D:3      | Discovered your monstrous ancestry.
  1126 | D:3      | Gained mutation: You have a pair of small antennae on your
                  | head. [demonic ancestry]
  1126 | D:3      | Reached XP level 4. HP: 11/37 MP: 3/6
  1126 | D:3      | Gained mutation: A meltable shield of frost defends you.
                  | (SH +4) [demonic ancestry]
  1126 | D:3      | Reached XP level 5. HP: 12/42 MP: 3/7
  1231 | D:3      | Found Wocoifer's Weapon Boutique.
  1279 | D:3      | Found Ofawnol's Jewellery Emporium.
  1321 | D:3      | Found a runed translucent door.
  1322 | D:3      | Noticed Crazy Yiuf
  1329 | D:3      | HP: 2/40 [Crazy Yiuf/+4 quarterstaff of chaos (6)]
  1330 | D:3      | Mangled by Crazy Yiuf

Illustrated notes

Levels and vault maps discovered:
D:1:      roderic_dead_forest, layout_basic
D:2:      layout_basic
D:3:      layout_basic, okawaru_altar_gauntlet_db, serial_shops, shop,
          nicolae_shop_overgrown_old_shop, nicolae_shop_gaudy_bauble,
          uniq_sigmund, uniq_grinder, uniq_crazy_yiuf_cottage

Skill      XL: |  1  2  3 |
---------------+----------+-----
Dodging        | 3 |  3.8
Long Blades    | 3 |  3.8
Invocations    | 1 3 |  3.3
Fighting       | 4 |  4.2

Action                     |  1- 3 |  4- 6 || total
---------------------------+-------+-------++-------
  Melee: Falchion          |    78 |    16 ||    94
    Use: Scroll            |    11 |       ||    11
 Armour: Robe              |    21 |     3 ||    24
  Dodge: Dodged            |    60 |     3 ||    63
  Block: Orb               |       |     1 ||     1
